 Dungeon Crawl Stone Soup version 0.31-a0-542-gdc2a67831c (webtiles) character file.

Game seed: 15466041267225723449

68 Arcadio the Shooter (level 4, 0/35 HPs)
             Began as a Formicid Hunter on Aug 14, 2023.
             Succumbed to an adder's poison
             ... on level 3 of the Dungeon.
             The game lasted 00:05:08 (1947 turns).

Arcadio the Shooter (Formicid Hunter)               Turns: 1947, Time: 00:05:09

Health: 0/35       AC:  3    Str: 15    XL:     4   Next: 41%
Magic:  4/4        EV: 12    Int:  9    God:
Gold:   121        SH:  0    Dex: 19    Spells: 3/3 levels left

rFire   . . .        b - +0 dagger
rCold   . . .        (no shield)
rNeg    . . .        c - +0 leather armour
rPois   .            (helmet unavailable)
rElec   .            (no cloak)
rCorr   .            (no gloves)
SInv    +            (no boots)
Will    .....        (no amulet)
Stlth   ++           g - ring of flight
HPRegen 0.25/turn    (no ring)
MPRegen 0.09/turn

%: no passive effects
@: lethally poisoned (0 -> -1), flying, studying Short Blades
A: permanent stasis, dig shafts and tunnels, antennae 3, four strong arms
a: Dig, Shaft Self


You were on level 3 of the Dungeon.
You visited 1 branch of the dungeon, and saw 3 of its levels.

You collected 121 gold pieces.

Inventory:

Hand Weapons
 a - a +0 shortbow
 b - a +0 dagger (weapon)
Armour
 c - a +0 leather armour (worn)
Jewellery
 d - an amulet of faith
 g - a ring of flight (left hand)
Scrolls
 e - a scroll of butterflies
 f - a scroll of poison
 h - a scroll of noise {unknown}
 i - a scroll of immolation
 k - a scroll of fear {unknown}
 n - a scroll of teleportation {unknown}
Potions
 j - a potion of brilliance
 m - a potion of invisibility


   Skills:
 + Level 3.2 Fighting
 + Level 4.6 Ranged Weapons
 + Level 2.1 Armour
 - Level 1.7 Dodging
 - Level 1.2 Stealth


You had 3 spell levels left.
You didn't know any spells.
Your spell library was empty.

Dungeon Overview and Level Annotations

Branches:
Dungeon (3/15) Zot: 16046

Altars:

Shops:
D:2 (


Innate Abilities, Weirdness & Mutations

You cannot be hasted, slowed, berserked, paralysed or teleported.
You can dig through walls and to a lower floor.
You have a pair of large antennae on your head. (SInv)
Your four strong arms can wield two-handed weapons with a shield.


Message History

You hit the adder.
The adder is moderately wounded.
You feel sick. The adder completely misses you.
You miss the adder.
The adder is moderately wounded.
You feel sick. The adder misses you.
You hit the adder.
The adder is heavily wounded.
You feel sick. The adder bites you but does no damage. The adder bites you.
You are more poisoned.
The adder poisons you!
You hit the adder.
The adder is almost dead.
You feel sick. The adder bites you.
You barely miss the adder.
The adder is almost dead.
You feel sick. The adder closely misses you.
You hit the adder but do no damage.
The adder is almost dead.
You feel sick. The adder bites you.
You are more poisoned.
The adder poisons you! The adder bites you.
You barely miss the adder. You punch the adder.
You kill the adder!
* * * LOW HITPOINT WARNING * * *
You feel sick.
Okay, then.
* * * LOW HITPOINT WARNING * * *
You feel sick.
* * * LOW HITPOINT WARNING * * *
You feel sick.
* * * LOW HITPOINT WARNING * * *
You feel sick.
* * * LOW HITPOINT WARNING * * *
You feel sick.
* * * LOW HITPOINT WARNING * * *
You feel sick.
* * * LOW HITPOINT WARNING * * *
You feel sick.
You die...

##########
#........#
#........#
#........#
#....(.@.#
##.....†..#
###...<.....#
#...........#
#..##........#
# #........#
#....###.#
#....# .#
#....# .#


There were no monsters in sight!

Vanquished Creatures
  3 adders
  3 worms (D:2)
  A dart slug (D:1)
  3 endoplasms
  A giant cockroach (D:3)
  4 goblins
  A hobgoblin (D:1)
  2 ball pythons
  4 bats (D:1)
  5 frilled lizards
  4 kobolds
  2 rats
33 creatures vanquished.

Notes
Turn   | Place    | Note
-------+----------+-------------------------------------------
     0 | D:1      | Arcadio the Formicid Hunter began the quest for the Orb.
     0 | D:1      | Reached XP level 1. HP: 16/16 MP: 1/1
   227 | D:1      | Reached XP level 2. HP: 18/23 MP: 2/2
   396 | D:1      | Reached skill level 1 in Armour
  1006 | D:2      | Reached XP level 3. HP: 21/28 MP: 3/3
  1162 | D:2      | Found Hillogef's Weapon Shoppe.
  1504 | D:2      | Reached XP level 4. HP: 35/35 MP: 4/4
  1946 | D:3      | HP: 1/35 [poisoned by an adder]
  1947 | D:3      | Succumbed to an adder's poison

Illustrated notes

Levels and vault maps discovered:
D:1:      saegor_arrival_fortress, layout_loops_ring,
          nicolae_concentric_dashed_squares_mild
D:2:      layout_basic, serial_shops, nicolae_shop_tiny_real_fake_doors
D:3:      layout_rooms, demons_altar, serial_shops, nicolae_shop_trees,
          ebering_ghost_disaster_area

Skill      XL: |  1  2  3 |
---------------+----------+-----
Armour         | 1 2 |  2.1
Fighting       | 3 |  3.2
Ranged Weapons | |  4.6
Dodging        | |  1.7
Stealth        | |  1.2

Action                     |  1- 3 |  4- 6 || total
---------------------------+-------+-------++-------
  Melee: Dagger            |    52 |    13 ||    65
         Punch             |     1 |     1 ||     2
   Fire: Shortbow          |    74 |     5 ||    79
    Use: Scroll            |       |     4 ||     4
   Stab: Sleeping          |       |     1 ||     1
 Armour: Leather armour    |    16 |     1 ||    17
  Dodge: Dodged            |    41 |     6 ||    47

Table legend: (Time is in decaauts)
 A = Elapsed time spent in this place.
 B = Non-inter-level travel time spent in this place.
 C = Inter-level travel time spent in this place.
 D = Time resting spent in this place.
 E = Time spent auto-exploring this place.
 F = Levels seen in this place.
 G = Mean time per level.
                   A        B        C        D        E       F      G
               +--------+--------+--------+--------+--------+-----+--------+
         Total |   1953 |   1869 |     84 |    196 |   1346 |   3 |  651.0 |
       Dungeon |   1953 |   1869 |     84 |    196 |   1346 |   3 |  651.0 |
               +--------+--------+--------+--------+--------+-----+--------+

Top non-repeatable levels by time:
     D:1: 899 daAuts
     D:2: 819 daAuts
     D:3: 234 daAuts
